 Dungeon Crawl Stone Soup version 0.19.5 (webtiles) character file.

99 JeffiDaFish the Shield-Bearer (level 4, 0/29 HPs)
             Began as a Gargoyle Fighter on Dec 8, 2017.
             Slain by an orc
             ... wielding a +0 war axe
              (5 damage)
             ... on level 3 of the Dungeon.
             The game lasted 00:03:02 (1895 turns).

JeffiDaFish the Shield-Bearer (Gargoyle Fighter)    Turns: 1895, Time: 00:03:02

Health: 0/29       AC: 10    Str: 25    XL:     4   Next: 72%
Magic:  4/4        EV:  8    Int:  8    God:
Gold:   175        SH: 12    Dex: 10    Spells: 0 memorised, 3 levels left

rFire  . . .     SeeInvis .     a - +1 flail
rCold  . . .     Gourm    .     b - +0 scale mail
rNeg   + . .     Faith    .     c - +2 shield
rPois  ∞         Spirit   .     (no helmet)
rElec  +         Reflect  .     (no cloak)
rCorr  .         Harm     .     (no gloves)
MR     .....                    (no boots)
Stlth  ..........               (no amulet)
                                (no ring)
                                l - ring of loudness (curse)

@: mighty
A: negative energy resistance 1, electricity resistance, unbreathing,
petrification resistance, rot immunity, AC +3
a: no special abilities


You were on level 3 of the Dungeon.
You were hungry.

You visited 1 branch of the dungeon, and saw 3 of its levels.

You collected 175 gold pieces.

Inventory:

Hand Weapons
 a - a +1 flail (weapon)
Armour
 b - a +0 scale mail (worn)
 c - a +2 shield (worn)
Jewellery
 l - a cursed ring of loudness (left hand)
Scrolls
 e - 3 scrolls of identify
 j - a scroll of blinking
 k - a scroll of recharging
Comestibles
 f - a bread ration
 g - a slice of pizza
 i - 6 chunks of flesh
 m - a beef jerky


   Skills:
 + Level 3.8 Fighting
 + Level 3.1 Maces & Flails
 + Level 3.6 Armour
 + Level 0.7 Dodging
 + Level 4.1 Shields


You had 3 spell levels left.
You didn't know any spells.

Dungeon Overview and Level Annotations

Branches:
Dungeon (3/15)

Altars:


Innate Abilities, Weirdness & Mutations

You are resistant to torment.
Your stone body is resilient. (AC +3)
You are immune to poison.
You resist negative energy. (rN+)
You are resistant to electric shocks. (rElec)
You can survive without breathing.
You are immune to petrification.
You are immune to rotting.


Message History

You feel very mighty all of a sudden. You block the orc's attack.
The orc completely misses you. You block the orc's attack.
You closely miss the orc. The orc hits you but does no damage.
You block the orc's attack. The orc closely misses you.
The orc hits you with a dagger.
* * * LOW HITPOINT WARNING * * *
You closely miss the orc. You block the orc's attack. x2
The orc hits you but does no damage.
You barely miss the orc. You block the orc's attack. x2
The orc hits you with a dagger.
* * * LOW HITPOINT WARNING * * *
You closely miss the orc. The orc hits you but does no damage.
The orc hits you with a dagger.
* * * LOW HITPOINT WARNING * * *
You block the orc's attack. x2; The orc barely misses you.
You hit the orc.
The orc is almost dead.
The orc hits you with a war axe.
You die...

#....<#..#.#####....###.##,**,,,,
##.##.#..#.##............#,,*,,,,
.........#.##(...........#*,*****
##.##.#..#.##............#*,,* *
.#.......#.##............#**,* *
.####.##.#.##............# *,*
.## #.##.#.##............# *,**
..###....#.##########....# *,,*
..##.......#....@ol)(....#***,**
...........#....oo.)..#.##*,,,,*
..##.......#..........#.#,,,,,,*
..##.(.....#..........#..,,,,,,*
..##.......#..........#,..,,,,,**
..##.......#..........#,...,,*,,*
..##.......#..........#,,...,*,,*
..##.......#..........#,,,,,,*,,*
..*#.......#***********,,,,,,*,,*


You could see 3 orcs and a frilled lizard.

Vanquished Creatures
  4 adders (D:2)
  An ooze (D:1)
  A worm (D:3)
  A dart slug (D:1)
  5 orcs
  4 giant cockroaches
  5 goblins
  9 hobgoblins
  6 jackals
  5 bats
  2 frilled lizards
  4 rats
47 creatures vanquished.

Notes
Turn   | Place    | Note
-------+----------+-------------------------------------------
     0 | D:1      | JeffiDaFish the Gargoyle Fighter began the quest for the Orb.
     0 | D:1      | Reached XP level 1. HP: 14/14 MP: 1/1
   324 | D:1      | Reached XP level 2. HP: 15/19 MP: 2/2
   876 | D:2      | Reached XP level 3. HP: 21/23 MP: 3/3
   995 | D:2      | Reached skill level 4 in Shields
  1011 | D:2      | Reached XP level 4. HP: 28/29 MP: 4/4
  1895 | D:3      | Slain by an orc

Skill      XL: |  1  2  3  4 |
---------------+-------------+-----
Shields        | 4 |  4.1
Maces & Flails | 3 |  3.1
Fighting       | |  3.8
Armour         | |  3.6
Dodging        | |  0.7

Action                   |  1- 3 |  4- 6 || total
-------------------------+-------+-------++-------
Melee: Flail             |   126 |    89 ||   215
  Use: Scroll            |     6 |     3 ||     9
       Potion            |     3 |     4 ||     7
  Eat: Chunk             |       |     3 ||     3
Armor: Scale mail        |    72 |    61 ||   133
Dodge: Dodged            |    30 |    27 ||    57
Block: Shield            |    69 |    81 ||   150
